 Dungeon Crawl Stone Soup version 0.26-a0-639-g72c4674329 (webtiles) character file.

Game seed: 10304739361636049782

193 Flugslaktarn the Skirmisher (level 6, -2/50 HPs)
             Began as a Formicid Fighter on Sept 21, 2020.
             Slain by a worker ant (5 damage)
             ... on level 3 of the Dungeon.
             The game lasted 00:01:03 (1734 turns).

Flugslaktarn the Skirmisher (Formicid Fighter)      Turns: 1734, Time: 00:01:04

Health: -2/50      AC:  7    Str: 22    XL:     6   Next: 2%
Magic:  6/6        EV:  8    Int:  8    God:
Gold:   76         SH:  9    Dex: 10    Spells: 5/5 levels left

rFire    . . .     SeeInvis +   k - -2 hand axe (curse)
rCold    . . .     Faith    .   c - +0 kite shield
rNeg     . . .     Spirit   .   b - +0 scale mail
rPois    .         Reflect  .   (helmet unavailable)
rElec    .         Harm     .   (no cloak)
rCorr    .         Rampage  .   (no gloves)
MR       .....                  (no boots)
Stlth    ..........             (no amulet)
HPRegen  0.16/turn              (no ring)
MPRegen  0.10/turn              (no ring)

@: mighty
A: permanent stasis, dig shafts and tunnels, four strong arms, antennae 3
a: Dig, Shaft Self


You were on level 3 of the Dungeon.
You visited 1 branch of the dungeon, and saw 4 of its levels.

You collected 76 gold pieces.

Inventory:

Hand Weapons
 a - a +0 war axe
 k - a cursed -2 hand axe (weapon)
   (You found it on level 1 of the Dungeon)
Missiles
 m - a throwing net (quivered)
Armour
 b - a +0 scale mail (worn)
 c - a +0 kite shield (worn)
Scrolls
 e - a scroll of fog {unknown}
 f - a scroll of identify {unknown}
 g - a scroll of magic mapping {unknown}
 h - a scroll of teleportation {unknown}
 i - 2 scrolls of blinking {unknown}
 l - a scroll of amnesia {unknown}
 o - a scroll of enchant weapon {unknown}
 p - a scroll of noise {unknown}
Potions
 d - a potion of might
 n - a potion of haste {unknown}
 q - a potion of flight {unknown}


   Skills:
 * Level 4.8 Fighting
 * Level 3.6 Axes
 + Level 4.0 Armour
 + Level 4.5 Shields


You had 5 spell levels left.
You didn't know any spells.
Your spell library was empty.

Dungeon Overview and Level Annotations

Branches:
Dungeon (4/15)
 Temple: D:4-7

Altars:
Ashenzari
Qazlal


Innate Abilities, Weirdness & Mutations

You cannot be hasted, slowed, berserked, paralysed or teleported.
You can dig through walls and to a lower floor.
Your four strong arms can wield two-handed weapons with a shield.
You have a pair of large antennae on your head. (SInv)


Message History

* * * LOW HITPOINT WARNING * * *
You hear a shout!
You are too injured to fight recklessly!
You are too injured to fight recklessly!
You hit the howler monkey.
You kill the howler monkey!
Your Armour skill increases to level 4!
You have reached level 6!
Your experience leads to an increase in your attributes!
Increase (s)trength, (i)ntelligence, or (d)exterity?
You feel stronger.
You completely miss the worker ant. You slash the worker ant!
You block the worker ant's attack. x2
The worker ant bites you but does no damage.
You hit the worker ant.
The worker ant is almost dead.
You slash the worker ant!
The worker ant bites you but does no damage.
The worker ant bites you.
You die...

## ###########.## .#
#...........# .#
#.#########.# .## ###.#
##'## ..# #...# ##.).##
..# #.### ##(....## ..#
#.#.## ##.......##
..####....####...........
...()(.......+..@†.......
#.###)....####.a.a.....#.#
..# #.##.## ##........#.#
### #.#### ##...[.#.# #.#
##...##.# #.# #... #.#
.### #.# .# #.#


You could see 2 worker ants.

Vanquished Creatures
  2 howler monkeys
  4 adders
  A worm (D:3)
  2 dart slugs (D:1)
  A leopard gecko (D:4)
  4 orcs (D:3)
  7 bats
  A giant cockroach (D:3)
  9 goblins
  6 hobgoblins
  8 jackals
  3 quokkas
  3 ball pythons
  4 frilled lizards
  7 kobolds
  A leopard gecko skeleton (D:4)
  5 rats
68 creatures vanquished.

Notes
Turn   | Place    | Note
-------+----------+-------------------------------------------
     0 | D:1      | Flugslaktarn the Formicid Fighter began the quest for the
                  | Orb.
     0 | D:1      | Reached XP level 1. HP: 18/18 MP: 1/1
    77 | D:1      | Reached XP level 2. HP: 13/24 MP: 2/2
   454 | D:1      | Reached XP level 3. HP: 30/30 MP: 3/3
  1008 | D:2      | Reached XP level 4. HP: 34/37 MP: 4/4
  1528 | D:3      | Found a stormy altar of Qazlal.
  1557 | D:3      | Found a shattered altar of Ashenzari.
  1599 | D:3      | Reached XP level 5. HP: 41/42 MP: 5/5
  1732 | D:3      | HP: 2/43 [worker ant (5)]
  1733 | D:3      | Reached XP level 6. HP: 3/50 MP: 6/6
  1734 | D:3      | Slain by a worker ant

Illustrated notes

Levels and vault maps discovered:
D:1:      dpeg_arrival_lava_altar, layout_basic
D:2:      layout_basic, hangedman_decor_growths
D:3:      gammafunk_steamed_eel, layout_loops_corners,
          cheibrodos_ashenzari_chains, grunt_qazlal_sundering
D:4:      layout_layer_cave, kennysheep_mini_moat, minitemple

Skill      XL: |  1  2  3  4  5 |
---------------+----------------+-----
Shields        | 4 |  4.5
Fighting       | 4 |  4.8
Axes           | 3 |  3.6
Armour         | 4 |  4.0

Action                   |  1- 3 |  4- 6 || total
-------------------------+-------+-------++-------
Melee: War axe           |    87 |       ||    87
       Hand axe          |    41 |   117 ||   158
  Use: Potion            |       |     2 ||     2
Armor: Scale mail        |    71 |    52 ||   123
Dodge: Dodged            |    47 |    49 ||    96
Block: Kite shield       |    75 |    69 ||   144

Table legend: (Time is in decaauts)
 A = Elapsed time spent in this place.
 B = Non-inter-level travel time spent in this place.
 C = Inter-level travel time spent in this place.
 D = Time resting spent in this place.
 E = Time spent auto-exploring this place.
 F = Levels seen in this place.
 G = Mean time per level.
                   A        B        C        D        E       F      G
               +--------+--------+--------+--------+--------+-----+--------+
         Total |   1804 |   1751 |     53 |      0 |   1264 |   4 |  451.0 |
       Dungeon |   1804 |   1751 |     53 |      0 |   1264 |   4 |  451.0 |
               +--------+--------+--------+--------+--------+-----+--------+

Top non-repeatable levels by time:
     D:1: 956 daAuts
     D:3: 455 daAuts
     D:2: 347 daAuts
     D:4: 45 daAuts
